 Dungeon Crawl Stone Soup version 0.17-b1-15-g0f5fb43 (webtiles) character file.

11090 Gargoyl the Cleaver (level 11, 0/91 HPs)
             Began as a Demonspawn Abyssal Knight on Nov 3, 2015.
             Was the Champion of Lugonu.
             Succumbed to poison (a potion of poison)
             ... on level 4 of the Orcish Mines.
             The game lasted 00:34:03 (16921 turns).

Gargoyl the Cleaver (Demonspawn Abyssal Knight)    Turns: 16921, Time: 00:34:03

Health: 0/91       AC: 23    Str: 15    XL:     11   Next: 44%
Magic:  14/14      EV:  4    Int: 15    God:    Lugonu [******]
Gold:   1071       SH: 10    Dex: 12    Spells: 0 memorised, 10 levels left

rFire  + . .     SeeInvis .     g - +2 war axe (flame)
rCold  + . .     Clarity  .     C - +1 plate armour {rN+}
rNeg   + . .     SustAt   .     m - +0 shield
rPois  +         Gourm    .     h - +2 hat
rElec  +         Spirit   .     (no cloak)
rCorr  +         Warding  .     t - +0 pair of gloves
rMut   .         Rnd*Tele +     G - +2 pair of boots {Stlth+}
MR     .....                    b - amulet of faith
Stlth  ..........               (no ring)
                                (no ring)

@: lethally poisoned (0 -> -4), resistant, not resistant to hostile
enchantments, extremely unstealthy
A: claws 1, horns 1, rugged brown scales 2, spiny 2, teleportitis 1
a: Depart the Abyss, Bend Space, Banish, Corrupt, Enter the Abyss, Brand Weapon
With Distortion, Renounce Religion


You were on level 4 of the Orcish Mines.
You worshipped Lugonu.
Lugonu was exalted by your worship.
You were not hungry.

You visited 2 branches of the dungeon, and saw 13 of its levels.
You visited the Abyss 1 time.

You collected 1329 gold pieces.
You spent 258 gold pieces at shops.

Inventory:

Hand Weapons
 e - a +2 broad axe
 g - a +2 war axe of flaming (weapon)
 A - a +0 flail of protection
Missiles
 u - 43 tomahawks
 z - 2 poisoned tomahawks (quivered)
Armour
 h - a +2 hat (worn)
 m - a +0 shield (worn)
 t - a +0 pair of gloves (worn)
 C - a +1 plate armour of positive energy (worn)
 G - a +2 pair of boots of stealth (worn)
Jewellery
 b - an amulet of faith (around neck)
Wands
 r - a wand of hasting (0)
 w - a wand of magic darts (19)
 y - a wand of draining (6)
Scrolls
 f - 2 scrolls of identify
 i - 3 scrolls of remove curse
 l - a scroll of recharging
 q - a scroll of fog
Potions
 a - a potion of invisibility
 c - a potion of cure mutation
 j - a potion of brilliance
Books
 d - a book of Alchemy

   Spells                             Type                      Level
   a - Sublimation of Blood           Necromancy                   2
   b - Ignite Poison                  Fire/Transmutation/Poison    3
   c - Alistair's Intoxication        Transmutation/Poison         4
   d - Condensation Shield            Ice                          4
   e - Petrify                        Transmutation/Earth          4
   f - Irradiate                      Conjuration/Transmutation    5
 v - a book of Hinderance

   Spells                             Type                      Level
   a - Confusing Touch                Hexes                        2
   b - Confuse                        Hexes                        3
   c - Gell's Gravitas                Hexes/Translocation          3
   d - Petrify                        Transmutation/Earth          4
   e - Metabolic Englaciation         Hexes/Ice                    5
Comestibles
 n - 4 meat rations
 D - 3 beef jerkies


   Skills:
 + Level 8.6 Fighting
 + Level 9.3 Axes
 + Level 1.2 Throwing
 + Level 8.4 Armour
 + Level 4.6 Dodging
 + Level 2.0 Stealth
 + Level 6.2 Shields
 + Level 4.6 Invocations
 + Level 0.4 Evocations


You had 10 spell levels left.
You didn't know any spells.

Dungeon Overview and Level Annotations

Branches:
Dungeon (9/15)             Temple (0/1) D:4            Lair (0/8) D:9
    Orc (4/4) D:9             Elf (0/3) Orc:4

Altars:
Ashenzari
Elyvilon
Makhleb
Nemelex Xobeh
Okawaru
Sif Muna
Trog
Yredelemnul
The Shining One
Beogh

Shops:
D:8 [   Orc:2 %

Annotations:
Orc:4 Nergalle, Saint Roka


Innate Abilities, Weirdness & Mutations

You have sharp fingernails.
You are mostly covered in rugged brown scales (AC +2, +5% HP).
You are mostly covered in sharp spines.
You have a pair of small horns on your head.
You are occasionally teleported to nearby monsters.


Message History

You block the spectral orc warrior's attack.
Drink which item? (? for menu, Esc to quit)
It was a potion of poison.
That liquid tasted very nasty...
You are lethally poisoned!
* * * LOW HITPOINT WARNING * * *
You feel sick. You block the spectral orc's attack.
The orc wizard hits you with a dagger.
* * * LOW HITPOINT WARNING * * *
The spectral orc warrior barely misses you.
Drink which item? (? for menu, Esc to quit)
It was a potion of resistance.
You feel protected.
* * * LOW HITPOINT WARNING * * *
You feel sick.
The orc wizard is struck by your spines.
The orc wizard hits you but does no damage.
The spectral orc hits you but does no damage.
The spectral orc warrior hits you but does no damage.
You die...

.................##....))...###..
.......#.$......####....)..#..#..
...............#####.............
..#......#[...####..#............
............### #..........#.....
........#o..## ##...............
.....o.#.#.####...............
.....##.......ZZ..#..........
....o#......@.Zo..........#.#
..........#..oZZ.Z...........
...........#.o.....O.........
###........#.#.#.o...........
............#....Z.........
.####..#.....#..####.Z.....
####.....#### #.o..Z.. #8...8#
#.o.O.Z. #o....# ##..oZ...


You could see Nergalle, 2 spectral orcs, 4 spectral orc warriors, a spectral orc
knight, an orc warrior, an ogre, an orc wizard and an orc.

Vanquished Creatures
  An orc high priest (Orc:4)
  2 orc sorcerers
  An orc knight (Orc:1)
  The ghost of Gargoyl the Skirmisher, an amateur DsAK of Lugonu (D:3)
  A wyvern (D:9)
  3 yaks (D:7)
  2 wraiths (Orc:3)
  A human (D:7)
  A water moccasin (D:7)
  A hungry ghost (D:8)
  A warg (Orc:4)
  Duvessa (D:6)
  3 phantoms
  A sky beast (D:9)
  15 orc warriors
  A wasp (D:9)
  An ice beast (D:7)
  A necrophage (D:9)
  8 ogres
  2 centaurs
  2 wyvern zombies
  2 giant frogs
  Dowan (D:6)
  4 scorpions
  2 troll zombies (D:9)
  5 wights (D:7)
  5 killer bees (D:9)
  2 giant frog zombies (D:6)
  A crimson imp (D:5)
  A centaur skeleton (D:6)
  3 iguanas
  22 orc priests
  2 hounds
  2 jellies
  21 orc wizards
  A giant frog skeleton (D:4)
  Natasha (thrice) (D:3)
  13 worker ants
  4 sheep (D:7)
  6 ogre zombies (D:9)
  A killer bee zombie (D:6)
  A hound zombie (D:9)
  3 hound skeletons
  A worker ant zombie (D:6)
  7 gnolls
  12 adders
  4 river rats (D:6)
  A shadow imp (D:6)
  4 oozes
  An adder skeleton (D:7)
  7 worms
  5 giant geckos
  164 orcs
  6 bats
  6 giant cockroaches
  3 hobgoblins (D:1)
  16 jackals
  8 quokkas
  A ball python (D:3)
  A giant cockroach zombie (D:5)
  A giant gecko skeleton (D:7)
  9 giant newts
  12 goblins
  3 goblin skeletons (D:9)
  3 goblin zombies (D:9)
  3 hobgoblin skeletons (D:9)
  3 hobgoblin zombies (D:9)
  9 kobolds
  2 orc skeletons (D:9)
  11 orc zombies (D:9)
  A quokka zombie (D:5)
  5 rats
464 creatures vanquished.

Vanquished Creatures (others)
  An orc knight (Orc:4)
  A hill giant (D:7)
  A two-headed ogre (D:5)
  A crocodile (D:7)
  An orc wizard (D:4)
  A hound skeleton (D:7)
  A plant (D:6)
7 creatures vanquished.

Grand Total: 471 creatures vanquished

Notes
Turn   | Place    | Note
--------------------------------------------------------------
     0 | Abyss:1  | Gargoyl the Demonspawn Abyssal Knight began the quest for the Orb.
     0 | Abyss:1  | Reached XP level 1. HP: 18/18 MP: 2/2
   109 | Abyss:1  | Noticed a small abomination
   126 | D:1      | Escaped the Abyss
   160 | D:1      | Reached * piety under Lugonu
   178 | D:1      | Gained mutation: You are partially covered in rugged brown scales (AC +1, +3% HP). [demonic ancestry]
   178 | D:1      | Reached XP level 2. HP: 17/24 MP: 4/4
   813 | D:2      | Reached skill level 1 in Dodging
  1119 | D:2      | Reached XP level 3. HP: 19/29 MP: 5/5
  1588 | D:2      | Reached ** piety under Lugonu
  1949 | D:2      | Reached XP level 4. HP: 7/37 MP: 6/6
  2797 | D:2      | HP: 1/37 [worm (6)]
  3108 | D:3      | Reached XP level 5. HP: 29/43 MP: 7/7
  3612 | D:3      | Reached *** piety under Lugonu
  4216 | D:3      | Noticed Gargoyl's ghost (amateur DsAK)
  4225 | D:3      | Gained mutation: You have sharp fingernails. [demonic ancestry]
  4225 | D:3      | Reached XP level 6. HP: 45/49 MP: 8/8
  4253 | D:3      | Killed Gargoyl's ghost
  4253 | D:3      | Reached skill level 4 in Fighting
  4253 | D:3      | Reached skill level 1 in Stealth
  4772 | D:3      | Noticed Natasha
  4793 | D:3      | Killed Natasha
  4793 | D:3      | Gained mutation: You are mostly covered in rugged brown scales (AC +2, +5% HP). [demonic ancestry]
  4793 | D:3      | Reached XP level 7. HP: 24/57 MP: 9/9
  5001 | D:3      | Noticed Natasha
  5011 | D:3      | Killed Natasha
  5107 | D:3      | Noticed Natasha
  5112 | D:3      | Killed Natasha
  5215 | D:4      | Reached **** piety under Lugonu
  6076 | D:4      | Found an iron altar of Okawaru.
  6133 | D:4      | Found a sparkling altar of Nemelex Xobeh.
  6279 | D:4      | Found a staircase to the Ecumenical Temple.
  6304 | D:4      | Reached skill level 5 in Fighting
  6692 | D:4      | Gained mutation: You are agile. (Dex +2) [potion of mutation]
  6692 | D:4      | Gained mutation: You are occasionally teleported to nearby monsters. [potion of mutation]
  6698 | D:4      | Gained mutation: Your spells are a little harder to cast, but a little more powerful. [potion of mutation]
  6698 | D:4      | Gained mutation: You have a pair of small horns on your head. [potion of mutation]
  6698 | D:4      | Gained mutation: You evolve. [potion of mutation]
  6937 | D:4      | Reached skill level 5 in Armour
  7359 | D:5      | Entered Level 5 of the Dungeon
  7372 | D:5      | Gained mutation: You are partially covered in sharp spines. [demonic ancestry]
  7372 | D:5      | Reached XP level 8. HP: 65/65 MP: 10/10
  7411 | D:5      | Reached skill level 1 in Shields
  7605 | D:5      | Reached ***** piety under Lugonu
  7633 | D:5      | Found a white marble altar of Elyvilon.
  7888 | D:5      | Reached skill level 5 in Axes
  7972 | D:5      | Noticed a two-headed ogre
  7988 | D:5      | Banished a two-headed ogre
  8613 | D:6      | Found a basalt altar of Yredelemnul.
  8623 | D:6      | Reached skill level 6 in Armour
  8788 | D:6      | Found a burning altar of Makhleb.
  8835 | D:6      | Reached XP level 9. HP: 72/72 MP: 11/11
  8856 | D:6      | Found a deep blue altar of Sif Muna.
  8856 | D:6      | Found a bloodstained altar of Trog.
  9310 | D:6      | Noticed Dowan
  9313 | D:6      | Noticed Duvessa
  9323 | D:6      | Killed Duvessa
  9335 | D:6      | Killed Dowan
  9771 | D:7      | Noticed a hill giant
  9782 | D:7      | Banished a hill giant
  9790 | D:7      | Found a shattered altar of Ashenzari.
  9791 | D:7      | Reached skill level 1 in Throwing
 10498 | D:7      | Reached skill level 7 in Armour
 10592 | D:7      | Gained mutation: You are mostly covered in sharp spines. [demonic ancestry]
 10592 | D:7      | Reached XP level 10. HP: 74/80 MP: 13/13
 11397 | D:8      | Found Lusotz's Armour Boutique.
 11412 | D:8      | Bought a +2 pair of boots of stealth for 258 gold pieces
 11480 | D:8      | Reached ****** piety under Lugonu
 11880 | D:9      | Found a staircase to the Orcish Mines.
 12234 | D:9      | Found a glowing golden altar of the Shining One.
 12404 | D:9      | Got a shimmering shield
 12406 | D:9      | Identified the +1 shield of Pantheism {rCorr Slay-3 Stlth+} (You found it on level 9 of the Dungeon)
 12500 | D:9      | Found a staircase to the Lair.
 12838 | Orc:1    | Entered Level 1 of the Orcish Mines
 13012 | Orc:1    | Noticed an orc knight
 13023 | Orc:1    | Reached skill level 5 in Shields
 13047 | Orc:2    | Reached skill level 8 in Axes
 13067 | Orc:2    | Noticed an orc sorcerer
 13408 | Orc:1    | Found a roughly hewn altar of Beogh.
 13649 | Orc:2    | Found Kazihatu's Food Shop.
 13743 | Orc:2    | Killed an orc sorcerer
 13859 | Orc:2    | Found a bloodstained altar of Trog.
 13930 | Orc:2    | Gained mutation: You are very agile. (Dex +4) [evolution]
 14702 | Orc:2    | Reached XP level 11. HP: 82/90 MP: 14/14
 14754 | Orc:1    | Killed an orc knight
 15324 | Orc:4    | Entered Level 4 of the Orcish Mines
 15494 | Orc:4    | Noticed an orc high priest
 15609 | Orc:4    | Found a staircase to the Elven Halls.
 15942 | Orc:3    | Reached skill level 9 in Axes
 16308 | Orc:4    | Noticed a soul eater
 16318 | Orc:4    | Killed an orc high priest
 16897 | Orc:4    | Noticed Saint Roka
 16899 | Orc:4    | Noticed Nergalle
 16913 | Orc:4    | HP: 3/91 [orc wizard/puff of flame (9)]
 16917 | Orc:4    | Lost mutation: You are very agile. (Dex +4) [potion of cure mutation]
 16917 | Orc:4    | Lost mutation: You are agile. (Dex +2) [potion of cure mutation]
 16917 | Orc:4    | Lost mutation: You evolve. [potion of cure mutation]
 16917 | Orc:4    | Lost mutation: Your spells are a little harder to cast, but a little more powerful. [potion of cure mutation]
 16919 | Orc:4    | HP: 3/91 [poison (a potion of poison)]
 16919 | Orc:4    | HP: 1/91 [orc wizard/dagger (2)]
 16921 | Orc:4    | Succumbed to poison (a potion of poison)

Action                   |  1- 3 |  4- 6 |  7- 9 | 10-12 || total
-------------------------+-------+-------+-------+-------++-------
Melee: Hand axe          |   141 |    27 |       |       ||   168
       War axe           |       |   183 |   209 |   204 ||   596
       Broad axe         |       |       |   226 |   233 ||   459
Throw: Tomahawk          |       |       |    13 |       ||    13
Invok: Depart the Abyss  |     1 |       |       |       ||     1
       Banish            |       |       |     2 |     2 ||     4
       Bend Space        |       |       |       |     1 ||     1
Evoke: Wand              |       |       |       |     2 ||     2
  Use: Scroll            |       |     2 |    12 |    10 ||    24
       Potion            |       |     4 |     8 |     8 ||    20
 Stab: Invisible         |       |     2 |       |       ||     2
  Eat: Bread ration      |     1 |     1 |     3 |     3 ||     8
       Fruit             |       |     6 |     3 |       ||     9
       Pizza             |       |       |     1 |     7 ||     8
       Beef jerky        |       |       |     1 |       ||     1
       Chunk             |       |       |     1 |       ||     1
